 Dungeon Crawl Stone Soup version 0.29-a0-330-g52719c12eb (webtiles) character file.

Game seed: 14250914030553752960

475 Armakuni the Skirmisher (level 7, -15/56 HPs)
             Began as a Human Artificer on Apr 15, 2022.
             Demolished by Robin
             ... wielding a +5 trident of protection
              (16 damage)
             ... on level 4 of the Dungeon.
             The game lasted 00:11:08 (5681 turns).

Armakuni the Skirmisher (Human Artificer)           Turns: 5681, Time: 00:11:08

Health: -15/56     AC:  8    Str: 12    XL:     7   Next: 32%
Magic:  7/7        EV: 10    Int: 14    God:
Gold:   189        SH:  0    Dex: 13    Spells: 6/6 levels left

rFire   . . .      SeeInvis .   a - +3 quarterstaff (chaos)
rCold   . . .      Faith    .   (shield currently unavailable)
rNeg    . . .      Spirit   .   k - +0 ring mail
rPois   .          Reflect  .   e - +1 helmet
rElec   .          Harm     .   q - +0 cloak
rCorr   .          Rampage  .   (no gloves)
Will    .....                   (no boots)
Stlth   +.........              (no amulet)
HPRegen 0.18/turn               S - +4 ring of slaying
MPRegen 0.10/turn               (no ring)

@: no status effects
A: no striking features
a: no special abilities


You were on level 4 of the Dungeon.
You visited 1 branch of the dungeon, and saw 4 of its levels.

You collected 293 gold pieces.
You spent 104 gold pieces at shops.

Inventory:

Hand Weapons
 a - a +3 quarterstaff of chaos (weapon)
 b - a +0 mace
Armour
 e - a +1 helmet (worn)
 k - a +0 ring mail (worn)
 q - a +0 cloak (worn)
Jewellery
 S - a +4 ring of slaying (left hand)
Wands
 c - a wand of flame (27) (quivered)
 d - a wand of charming (6)
 j - a wand of iceblast (6)
Scrolls
 g - a scroll of noise
 m - 3 scrolls of identify
Potions
 f - 4 potions of curing
 h - a potion of ambrosia
 i - 3 potions of heal wounds
 l - 2 potions of resistance


   Skills:
 - Level 5.0 Fighting
 - Level 3.0(3.1) Maces & Flails
 + Level 1.2(2.2) Staves
 - Level 2.0 Armour
 - Level 1.0 Dodging
 - Level 1.0 Stealth
 - Level 4.7 Evocations


You had 6 spell levels left.
You didn't know any spells.
Your spell library contained the following spells:

 Spells                   Type           Power      Damage    Failure   Level
 Animate Skeleton         Necr           0%         N/A       54%         1
 Pain                     Necr           0%         1d4       54%         1
 Vampiric Draining        Necr           0%         2d6       88%         3


Dungeon Overview and Level Annotations

Branches:
Dungeon (4/15)
 Temple: D:4-7

Altars:
Yredelemnul
The Shining One

Shops:
D:1 !   D:3 (

Annotations:
D:4 Robin


Message History

Natasha is almost dead.
You hear a shout!
Robin throws the goblin at you! Natasha claws you!
You hear a shout! x4
You sock Natasha!
You kill Natasha!
Natasha screams in fury as she dies!
The goblin closely misses you.
Robin roars a battlecry!
The goblin goes into a battle-frenzy!
Robin barely misses you. The goblin hits you but does no damage.
You hear a shout!
Your base Staves skill increases to level 1!
You hit the goblin.
The goblin is severely wounded.
You hear a shout! x2
The goblin barely misses you. Robin closely misses you.
You closely miss the goblin.
The goblin is severely wounded.
The goblin hits you but does no damage. Robin hits you but does no damage.
You sock the goblin!
You kill the goblin!
Robin hits you from afar with a +5 trident of protection!
Robin hits you but does no damage.
You hit Robin.
Robin goes berserk!
Robin is moderately wounded.
Robin hits you with a +5 trident of protection!
Robin barely misses you.
You hit Robin.
Robin is poisoned.
Robin is heavily wounded.
Robin hits you with a +5 trident of protection.
A hobgoblin comes into view.
Robin hits you with a +5 trident of protection!
* * * LOW HITPOINT WARNING * * *
You thump Robin! You freeze Robin.
Robin is almost dead.
Robin hits you with a +5 trident of protection!
* * * LOW HITPOINT WARNING * * *
Robin hits you with a +5 trident of protection!
You die...

#.##........
#.##.#.....#
#######.##.###'###
#.......##.##...##
#.########.##☼.○##
#.# ..##...## #.#
#.##☼.☼## #.#
#.##._.## #@#
#☼.☼# #gg.).....#
##### #.##...#####
#. #...# #. #...#
#. #...# # #...#
#...#


You could see Robin (berserk, very poisoned) and a hobgoblin (strong).

Vanquished Creatures
  Sigmund (D:3)
  A scorpion (D:4)
  Crazy Yiuf (D:3)
  A gnoll shaman (D:3)
  Natasha (D:4)
  An orc wizard (D:4)
  2 gnolls (D:3)
  4 adders
  3 worms (D:3)
  4 dart slugs
  2 orcs
  7 ball pythons
  3 endoplasms
  A giant cockroach (D:2)
  7 hobgoblins
  3 jackals (D:3)
  A quokka (D:3)
  5 bats
  5 frilled lizards
  4 goblins
  4 kobolds
  5 rats
66 creatures vanquished.

Vanquished Creatures (collateral kills)
  A gnoll (D:4)
  An adder (D:3)
  An endoplasm (D:4)
  A quokka (D:1)
  A frilled lizard (D:1)
5 creatures vanquished.

Vanquished Creatures (others)
  A ball python (D:4)
  A hobgoblin (D:1)
  3 fungi (D:3)
5 creatures vanquished.

Grand Total: 76 creatures vanquished

Notes
Turn   | Place    | Note
-------+----------+-------------------------------------------
     0 | D:1      | Armakuni the Human Artificer began the quest for the Orb.
     0 | D:1      | Reached XP level 1. HP: 15/15 MP: 1/1
   457 | D:1      | Found a faded altar of an unknown god.
   481 | D:1      | Reached XP level 2. HP: 11/22 MP: 2/2
   669 | D:1      | Reached skill level 2 in Fighting
   891 | D:1      | Found Hiwiad's Distillery.
   903 | D:1      | Bought a potion of curing for 39 gold pieces
  1843 | D:1      | Reached XP level 3. HP: 11/28 MP: 3/3
  2352 | D:2      | Reached skill level 3 in Fighting
  2815 | D:1      | Bought a potion of heal wounds for 65 gold pieces
  3103 | D:2      | Reached skill level 1 in Maces & Flails
  3340 | D:3      | Reached XP level 4. HP: 33/35 MP: 4/4
  3877 | D:3      | Noticed Sigmund
  3884 | D:3      | Killed Sigmund
  3885 | D:3      | Reached XP level 5. HP: 25/41 MP: 5/5
  3885 | D:3      | Reached XP level 6. HP: 29/47 MP: 6/6
  4501 | D:3      | Found Voulith's Antique Weapon Emporium.
  4842 | D:3      | Found a runed translucent door.
  4843 | D:3      | Noticed Crazy Yiuf
  4861 | D:3      | Killed Crazy Yiuf
  5220 | D:4      | Reached skill level 4 in Fighting
  5308 | D:4      | Reached XP level 7. HP: 29/55 MP: 7/7
  5627 | D:4      | Found a glowing golden altar of the Shining One.
  5630 | D:4      | Reached skill level 5 in Fighting
  5630 | D:4      | Noticed an angel
  5645 | D:4      | Found a basalt altar of Yredelemnul.
  5668 | D:4      | Noticed Natasha
  5670 | D:4      | Noticed Robin
  5673 | D:4      | Killed Natasha
  5674 | D:4      | Reached skill level 1 in Staves
  5681 | D:4      | HP: 1/56 [Robin/+5 trident of protection (8)]
  5681 | D:4      | Demolished by Robin

Illustrated notes

Levels and vault maps discovered:
D:1:      lightli_arrival_noodles, layout_basic,
          hellmonk_ecumenical_altar_run_dry, serial_shops,
          nicolae_shop_advertising_works [nicolae_subvault_shop_adworks],
          minmay_misc_feat_ornament
D:2:      layout_basic
D:3:      layout_basic, serial_shops, nicolae_shop_trees, uniq_sigmund,
          uniq_crazy_yiuf_cottage
D:4:      layout_loops_ring, grunt_temple_overflow_holy_war, serial_shops, shop,
          portal_sewer_entry_f, uniq_natasha, uniq_robin, uniq_grinder

Skill      XL: |  1  2  3  4  5  6  7 |
---------------+----------------------+-----
Fighting       | 2 3 4 5 |  5.0
Maces & Flails | 1 3 |  3.0
Evocations     | 4 |  4.7
Staves         | 1 |  1.2
Armour         | |  2.0
Dodging        | |  1.0
Stealth        | |  1.0

Action                   |  1- 3 |  4- 6 |  7- 9 || total
-------------------------+-------+-------+-------++-------
Melee: Club              |    46 |       |       ||    46
       Whip              |    81 |       |       ||    81
       Punch             |     3 |       |       ||     3
       Mace              |    11 |    78 |       ||    89
       Quarterstaff      |       |    24 |    18 ||    42
Evoke: Wand              |    10 |    12 |       ||    22
  Use: Scroll            |     3 |     5 |       ||     8
       Potion            |       |     2 |       ||     2
 Stab: Sleeping          |     1 |       |       ||     1
Armor: Leather armour    |    45 |       |       ||    45
       Ring mail         |     8 |    45 |     9 ||    62
Dodge: Dodged            |    83 |    62 |     9 ||   154

Table legend: (Time is in decaauts)
 A = Elapsed time spent in this place.
 B = Non-inter-level travel time spent in this place.
 C = Inter-level travel time spent in this place.
 D = Time resting spent in this place.
 E = Time spent auto-exploring this place.
 F = Levels seen in this place.
 G = Mean time per level.
                   A        B        C        D        E       F      G
               +--------+--------+--------+--------+--------+-----+--------+
         Total |   5727 |   5441 |    286 |   1664 |   2822 |   4 | 1431.8 |
       Dungeon |   5727 |   5441 |    286 |   1664 |   2822 |   4 | 1431.8 |
               +--------+--------+--------+--------+--------+-----+--------+

Top non-repeatable levels by time:
     D:1: 2215 daAuts
     D:3: 2110 daAuts
     D:2: 1083 daAuts
     D:4: 317 daAuts
